 Dungeon Crawl Stone Soup version 0.24-a0-581-gc0fa6600bf (webtiles) character file.

Game seed: 6299157027504207055

378 Flugkiller the Insei (level 6, 0/48 HPs)
             Began as a Draconian Transmuter on Aug 23, 2019.
             Was an Initiate of Ru.
             Killed from afar by an orc wizard (1 damage)
             ... with a magic dart
             ... on level 4 of the Dungeon.
             The game lasted 00:05:41 (3234 turns).

Flugkiller the Insei (Draconian Transmuter)         Turns: 3234, Time: 00:05:42

Health: 0/48       AC:  8    Str: 10 (12) XL:     6   Next: 45%
Magic:  9/9        EV: 12    Int: 18 (20) God:    Ru [......]
Gold:   151        SH:  0    Dex:  9 (12) Spells: 3/9 levels left

rFire    + . .     SeeInvis +     - Unarmed
rCold    + . .     Gourm    .   (no shield)
rNeg     . . .     Faith    .   (armour unavailable)
rPois    .         Spirit   .   (helmet restricted)
rElec    .         Reflect  .   q - scarf {rC+ rF+}
rCorr    .         Harm     .   b - +0 pair of gloves
MR       .....                  m - +0 pair of boots
Stlth    +.........             (no amulet)
HPRegen  0.16/turn              l - ring of see invisible
MPRegen  0.11/turn              (no ring)

@: brilliant, flying, hasted, very quick
A: unfitting armour, cold-blooded, AC +6
a: Renounce Religion


You were on level 4 of the Dungeon.
You worshipped Ru.
Ru was noncommittal.
You were not hungry.

You visited 1 branch of the dungeon, and saw 4 of its levels.

You collected 151 gold pieces.

Inventory:

Missiles
 a - 51 arrows
 v - 7 javelins (quivered)
Armour
 b - a +0 pair of gloves (worn)
   (You found it on level 2 of the Dungeon)
 m - a +0 pair of boots (worn)
   (You found it on level 3 of the Dungeon)
 q - a scarf of resistance (worn)
   (You found it on level 3 of the Dungeon)
Jewellery
 l - a ring of see invisible (left hand)
   (You found it on level 2 of the Dungeon)
Wands
 p - a wand of iceblast (9)
   (You found it on level 3 of the Dungeon)
 w - a wand of paralysis (9)
   (You found it on level 4 of the Dungeon)
Scrolls
 e - a scroll of identify
 f - a scroll of immolation
 h - 5 scrolls of remove curse
 o - a scroll of magic mapping {unknown}
 t - a scroll of teleportation {unknown}
 u - a scroll of random uselessness {unknown}
 x - a scroll of enchant armour {unknown}
Potions
 i - a potion of brilliance
 n - 2 potions of flight
 s - a potion of cancellation
Comestibles
 c - 6 rations
 g - 4 chunks of flesh


   Skills:
 - Level 2.0 Fighting
 - Level 2.4 Dodging
 - Level 5.1 Unarmed Combat
 - Level 2.0 Spellcasting
 + Level 4.8 Transmutations
 + Level 0.5 Evocations


You had 3 spell levels left.
You knew the following spells:

 Your Spells              Type           Power        Failure   Level  Hunger
a - Beastly Appendage     Tmut           ####..       1%          1    #......
b - Sticks to Snakes      Tmut           ####....     1%          2    ###....
c - Spider Form           Tmut/Pois      ###.......   2%          3    ###....

Your spell library contained the following spells:

 Spells                   Type           Power        Failure   Level  Hunger
 Ice Form                 Ice/Tmut       ###.....     8%          4    #####..
 Blade Hands              Tmut           ####......   8%          5    ######.


Dungeon Overview and Level Annotations

Branches:
Dungeon (4/15)
 Temple: D:4-7

Altars:
Ashenzari
Elyvilon
Ru
Sif Muna

Annotations:
D:4 Pikel


Innate Abilities, Weirdness & Mutations

Your plain brown scales are hard. (AC +6)
You cannot fit into any form of body armour.
You are cold-blooded and may be slowed by cold attacks.


Message History

The orc wizard casts a spell at you. The puff of frost hits you!
* * * LOW HITPOINT WARNING * * *
You bump into the rock wall.
You feel less invigorated.
You feel less confused.
The orc wizard looks more healthy.
The slave closely misses you. The slave hits you.
* * * LOW HITPOINT WARNING * * *
The orc wizard closely misses you.
A slave comes into view.
You hit the orc wizard.
You kill the orc wizard!
The slave completely misses you. x2; The orc wizard closely misses you.
Unknown command.
You bite the orc wizard!
The orc wizard is severely wounded.
The orc wizard casts a spell at you. The puff of frost hits you!
* * * LOW HITPOINT WARNING * * *
The slave completely misses you. The slave misses you.
You feel yourself speed up.
Your transformation has ended.
Your scarf of resistance unmelds from your body.
Your +0 pair of gloves unmelds from your body.
Your +0 pair of boots unmelds from your body.
You feel resistant to extremes of temperature.
The orc wizard hits you but does no damage.
The slave hits you.
* * * LOW HITPOINT WARNING * * *
The slave hits you.
* * * LOW HITPOINT WARNING * * *
The orc wizard barely misses you.
Pikel the Slaver comes into view.
He is wielding a +0 whip of flaming.
Unknown command.
As you read the scroll labeled SIHOMESHEI, it crumbles to dust.
The creatures around you are filled with an inner flame!
It was a scroll of immolation.
Pikel shouts!
You hear a bark!
The orc wizard hits you but does no damage.
The slave closely misses you. The slave hits you.
* * * LOW HITPOINT WARNING * * *
Unknown command.
Unknown command.
As you read the scroll labeled AWKASE HUGOMORPH, it crumbles to dust.
It is a scroll of amnesia.
Really abort (and waste the scroll)?
Okay, then.
The orc wizard points at you and mumbles some strange words.
The magic dart hits you.
You die...

.........###.##........#
###.###.[# #..).......#
#.# #..######.....###
#.# #..#...........###.#
#.# #..#.####.#......h.#
###.# #..# #p####รท###.#
...[# #..# #h## #.#
##### #..# #op# #.# ##
#..# ##@# #.# .######.
#p# .p# ........ #.###.#
.###### #.# #o. .....#
... o.. ###### ... ..# #
#.. ...### # #.## #.oo#
# #โ‰ˆโ‰ˆโ‰ˆ#


You could see 3 slaves, an orc wizard (inner flame) and a jackal (inner flame).

Vanquished Creatures
  Blork the orc (D:4)
  A hound (D:2)
  An orc priest (D:3)
  2 orc wizards
  A worker ant (D:4)
  4 adders
  2 oozes
  An adder skeleton (D:4)
  2 dart slugs (D:1)
  A leopard gecko (D:3)
  3 orcs (D:3)
  4 giant cockroaches
  8 goblins
  8 hobgoblins
  7 jackals
  5 quokkas
  3 bats
  6 frilled lizards
  A jackal skeleton (D:4)
  8 kobolds
  8 rats
77 creatures vanquished.

Vanquished Creatures (collateral kills)
  A howler monkey (D:4)
  A worker ant (D:4)
  3 adders
  A hobgoblin (D:3)
6 creatures vanquished.

Grand Total: 83 creatures vanquished

Notes
Turn   | Place    | Note
-------+----------+-------------------------------------------
     0 | D:1      | Flugkiller the Draconian Transmuter began the quest for the
                  | Orb.
     0 | D:1      | Reached XP level 1. HP: 16/16 MP: 3/3
   210 | D:1      | Reached XP level 2. HP: 23/23 MP: 5/5
   404 | D:1      | Reached skill level 4 in Unarmed Combat
   602 | D:1      | Reached XP level 3. HP: 28/28 MP: 6/6
   606 | D:1      | Learned a level 2 spell: Sticks to Snakes
   610 | D:1      | Learned a level 3 spell: Spider Form
  1188 | D:2      | Reached skill level 5 in Unarmed Combat
  1188 | D:2      | Reached XP level 4. HP: 3/35 MP: 4/7
  1726 | D:2      | Found a sacrificial altar of Ru.
  1727 | D:2      | Found a white marble altar of Elyvilon.
  1738 | D:2      | Became a worshipper of Ru the Awakened
  1995 | D:3      | Reached XP level 5. HP: 18/41 MP: 3/8
  2805 | D:4      | Noticed Blork the orc
  2826 | D:4      | Killed Blork the orc
  2826 | D:4      | Reached XP level 6. HP: 39/48 MP: 2/9
  2890 | D:4      | Found a shimmering blue altar of Sif Muna.
  3089 | D:4      | Found a shattered altar of Ashenzari.
  3200 | D:4      | Noticed a slave
  3217 | D:4      | Noticed a slave
  3229 | D:4      | Noticed a slave
  3232 | D:4      | Noticed Pikel
  3233 | D:4      | HP: 1/48 [slave[Pikel] (3)]
  3234 | D:4      | Killed from afar by an orc wizard

Levels and vault maps discovered:
D:1:      dpeg_arrival_fog, layout_loops_corners
D:2:      layout_basic, chequers_temple_overflow_statue_of_worship
D:3:      layout_loops_ring, first_ration, minmay_misc_feat_columns,
          item_on_display_a
D:4:      layout_loops_ring, led_sif_book, kennysheep_mini,
          lemuel_crystal_altar, uniq_blork_the_orc, uniq_pikel

Skill      XL: |  1  2  3  4  5 |
---------------+----------------+-----
Unarmed Combat | 4 5 |  5.1
Fighting       | 2 |  2.0
Dodging        | 2 |  2.4
Transmutations | 4 |  4.8
Spellcasting   | |  2.0
Evocations     | |  0.5

Action                   |  1- 3 |  4- 6 || total
-------------------------+-------+-------++-------
Melee: Unarmed           |   115 |   173 ||   288
       Tailslap          |    13 |    13 ||    26
       Punch             |     1 |     3 ||     4
       Kick              |     1 |     1 ||     2
       Headbutt          |       |    13 ||    13
 Cast: Sticks to Snakes  |     2 |    16 ||    18
       Beastly Appendage |     2 |    13 ||    15
       Spider Form       |       |     1 ||     1
  Use: Potion            |       |     6 ||     6
       Scroll            |       |     4 ||     4
 Stab: Distracted        |       |     1 ||     1
  Eat: Chunk             |     1 |     8 ||     9
Armor: Skin              |    31 |    52 ||    83
Dodge: Dodged            |    66 |   125 ||   191

Table legend:
 A = Non-vault XP
 B = Vault XP
 C = Vault XP percentage of total XP
 D = Non-vault monster count
 E = Vault monster count
 F = Vault count percentage of total count
                 A         B        C        D         E       F
            +---------+---------+-------+---------+---------+-------
      Total |     418 |     123 |  22.7 |      81 |       2 |   2.4
            +---------+---------+-------+---------+---------+-------
        D:1 |      49 |       0 |   0.0 |      25 |       0 |   0.0
        D:2 |      84 |       0 |   0.0 |      16 |       0 |   0.0
        D:3 |     151 |       0 |   0.0 |      26 |       0 |   0.0
        D:4 |     134 |     123 |  47.9 |      14 |       2 |  12.5
            +---------+---------+-------+---------+---------+-------
